AoeStats
← [ KOF ] M. Kowalski

Nomad

507770393Analyzed
2v2 RM · 12d ago on Sep 19, 2026· 34m 32s· 4 players
Game mode
Random Map
Map size
176×176
Population
200
Speed
Normal
Resources
Standard
Victory
Conquest
Starting age
Dark Age
Ending age
Imperial Age
RankedLock teamsTeams togetherTeam positionsShared explorationLock speedFull tech treeHidden civsTurbo modeCheats
Victory
Defeat
🇮🇹 Vietnamese · Italy
1510
+11
🇳🇱 Cumans · Netherlands
1510
+11
🇲🇽 Persians · Mexico
1440
-13
🇦🇷 Italians · Argentina
1352
-9
[LWS] Mandatum
13:01 Feudal Age
17:04 Castle Age
16:51 Double-Bit Axe
18:39 Bow Saw
20:10 Fletching
21:48 Horse Collar
24:10 Padded Archer Armor
24:06 Bodkin Arrow
26:52 Heavy Plow
28:00 Wheelbarrow
27:11 Loom
28:01 Wheelbarrow
28:29 Town Watch
29:50 Capped Ram
[LWS] wyvern
7:57 Loom
12:37 Feudal Age
13:26 Double-Bit Axe
19:17 Horse Collar
22:21 Castle Age
21:06 Fletching
23:18 Wheelbarrow
22:59 Bodkin Arrow
23:33 Bow Saw
23:40 Medium Warships
27:11 Padded Archer Armor
28:56 Hand Cart
29:06 Leather Archer Armor
30:21 Town Watch
31:06 Heavy Plow
36:20 Imperial Age
[ KOF ] M. Kowalski
5:04 Loom
12:22 Feudal Age
15:09 Town Watch
15:28 Fishing Lines
15:50 Double-Bit Axe
17:16 Wheelbarrow
17:42 Forging
20:00 Fletching
24:51 Castle Age
~KOF~Legonas
10:30 Loom
12:47 Feudal Age
18:43 Castle Age
19:31 Fletching
22:19 Bodkin Arrow
24:26 Double-Bit Axe
26:49 Medium Warships
28:12 Padded Archer Armor
29:04 Wheelbarrow
32:14 Bow Saw
31:52 Horse Collar
Connection lost

Rejoining the realm…

Still unreachable

The connection could not be restored.

Session expired

The server has moved on; the page needs a fresh start.